 Dungeon Crawl Stone Soup version 0.29-a0-355-g7276a9ff7f (webtiles) character file.

Game seed: 14793498796213376155

16651 Dauddaud the Severer (level 12, 0/154 HPs)
             Began as a Minotaur Berserker on Apr 25, 2022.
             Was a High Priest of Trog.
             Slain by a slime creature (10 damage)
             ... on level 12 of the Dungeon.
             The game lasted 00:35:46 (18842 turns).

Dauddaud the Severer (Minotaur Berserker)          Turns: 18842, Time: 00:36:16

Health: 0/154      AC: 17    Str: 26    XL:     12   Next: 11%
Magic:  11/11      EV:  9    Int:  4    God:    Trog [*****.]
Gold:   639        SH:  0    Dex: 17    Spells: 11/11 levels left

rFire   . . .      SeeInvis .   T - +0 battleaxe
rCold   . . .      Faith    .   (shield currently unavailable)
rNeg    . . .      Spirit   .   u - +0 plate armour
rPois   +          Reflect  .   (helmet restricted)
rElec   .          Harm     .   (no cloak)
rCorr   .          Rampage  .   C - +2 pair of gloves
Will    ++...                   e - +0 pair of boots
Stlth   ..........              (no amulet)
HPRegen 1.35/turn               y - ring of poison resistance
MPRegen 0.12/turn               D - +6 ring of dexterity

@: berserking (expiring), strong-willed, attractive, regenerating, studying
Bows, very quick
A: horns 2, retaliatory headbutt
a: Renounce Religion, Berserk, Trog's Hand, Brothers in Arms


You were on level 12 of the Dungeon.
You worshipped Trog.
Trog was extremely pleased with you.
You visited 1 branch of the dungeon, and saw 12 of its levels.
You also visited: Sewer and Ossuary.

You collected 672 gold pieces.
You spent 33 gold pieces at shops.

Inventory:

Hand Weapons
 a - a +0 hand axe
 r - a +0 war axe
 t - a +0 war axe of flaming
 T - a +0 battleaxe (weapon)
Missiles
 L - 2 throwing nets (quivered)
Armour
 b - a +0 animal skin
 e - a +0 pair of boots (worn)
 s - a +0 chain mail
 u - a +0 plate armour (worn)
 v - a +0 pair of gloves
 C - a +2 pair of gloves (worn)
Jewellery
 f - a ring of see invisible
 y - a ring of poison resistance (left hand)
 D - a +6 ring of dexterity (right hand)
 O - a +6 ring of dexterity
Wands
 q - a wand of iceblast (9)
 Q - a wand of acid (3)
 U - a wand of mindburst (7)
Scrolls
 d - 7 scrolls of teleportation
 j - a scroll of vulnerability
 k - 2 scrolls of magic mapping
 l - 2 scrolls of silence
 m - a scroll of blinking
 n - 6 scrolls of fear
 o - 2 scrolls of fog
 A - a scroll of enchant armour
 E - 2 scrolls of torment {unknown}
 H - a scroll of noise {unknown}
 J - a scroll of immolation {unknown}
 K - a scroll of brand weapon {unknown}
 M - a scroll of summoning {unknown}
 P - 2 scrolls of identify
Potions
 c - 5 potions of might
 g - 2 potions of magic
 h - 13 potions of degeneration
 i - 3 potions of lignification {unknown}
 p - 4 potions of attraction
 w - 2 potions of flight {unknown}
 x - 2 potions of heal wounds {unknown}
 z - 2 potions of curing
 B - 3 potions of mutation {unknown}
 F - 3 potions of haste {unknown}
 G - a potion of resistance {unknown}
 I - a potion of brilliance {unknown}
 N - a potion of cancellation {unknown}
 R - a potion of invisibility {unknown}
 S - a potion of ambrosia {unknown}


   Skills:
 + Level 8.6 Fighting
 * Level 17.2 Axes
 - Level 6.4 Armour
 - Level 4.3 Dodging
 - Level 9.7 Evocations


You had 11 spell levels left.
You didn't know any spells.
Your spell library was empty.

Dungeon Overview and Level Annotations

Branches:
Dungeon (12/15)            Temple (0/1) D:7            Lair (0/6) D:11
    Orc (0/2) D:11          Sewer (visited)         Ossuary (visited)

Altars:
Ashenzari
Dithmenos
Elyvilon
Fedhas
Makhleb
Qazlal
Ru
Sif Muna
Trog
Vehumet
Wu Jian
Xom
Yredelemnul

Shops:
D:4 (   D:5 *   D:6 !   D:9 *


Innate Abilities, Weirdness & Mutations

You have a pair of horns on your head.
You reflexively headbutt those who attack you in melee.


Message History

Your two-headed ogre disappears in a puff of smoke!
A skeletal warrior comes into view. It is wielding a +0 trident.
The cyclops barely misses you.
The skeletal warrior is attracted toward you. x2
You slice the cyclops!!
The cyclops is severely wounded.
You hit the skeletal warrior but do no damage.
You slash the skeletal warrior!
Your surroundings suddenly seem different. 3 slime creatures come into view.
The slime creature quivers. x2
The slime creature is attracted toward you. x3
The boulder beetle is attracted toward you.
You slash the vampire mosquito!
The vampire mosquito is moderately damaged.
You slice the slime creature!!
A komodo dragon comes into view.
Two slime creatures merge to form a large slime creature.
The boulder beetle is attracted toward you.
The komodo dragon is attracted toward you.
The komodo dragon hisses angrily.
You slash the large slime creature!
The large slime creature is moderately wounded.
You barely miss the slime creature.
The komodo dragon is attracted toward you.
You slice the vampire mosquito!!
You destroy the vampire mosquito!
Trog accepts your kill.
You slash the slime creature! You slice the large slime creature!!
You slice the large slime creature!!
The large slime creature is severely wounded.
You slash the slime creature!
The boulder beetle leaps!
The boulder beetle is attracted toward you.
You barely miss the large slime creature.
The large slime creature is severely wounded.
You completely miss the komodo dragon. You completely miss the slime creature.
The large slime creature hits you!!
* * * LOW HITPOINT WARNING * * *
The slime creature hits you!
You die...

.......°.....#
........§...§.#
.............#
.............##
##.....§§>......
#...§.......##.
#....B......# .
#..lJJ......#
#...@.......#
#############


You could see a boulder beetle, a large slime creature, a slime creature and a
komodo dragon.

Vanquished Creatures
  2 boulder beetles
  2 two-headed ogres
  A manticore (D:11)
  2 gargoyles
  An unseen horror (D:12)
  3 kobold demonologists (D:11)
  2 trolls
  2 hornets
  Grinder (D:5)
  15 yaks
  A shadow (D:12)
  3 wraiths (D:12)
  3 wyverns
  Eustachio (D:5)
  2 basilisks
  A steam dragon (D:6)
  8 vampire mosquitoes (D:12)
  Menkaure (Ossuary)
  3 acid dragons
  2 water moccasins
  A swamp drake (D:11)
  5 orc warriors
  2 sky beasts
  2 ogres
  11 centaurs
  3 kobold brigands
  A phantom (D:4)
  5 bullfrogs
  3 necrophages
  2 gnoll sergeants
  3 scorpions
  8 wights (D:8)
  13 killer bees
  2 howler monkeys (D:10)
  A crimson imp (D:8)
  2 hounds
  A jelly (D:6)
  5 orc priests
  A gnoll shaman (D:5)
  Jessica (D:3)
  Ijyb (D:3)
  4 iguanas
  17 orc wizards
  3 mummies (Ossuary)
  Robin (D:4)
  13 gnolls
  16 adders
  A river rat (D:4)
  A worm (D:2)
  44 orcs
  4 bats
  4 endoplasms
  10 giant cockroaches
  14 goblins
  7 hobgoblins
  7 jackals
  23 kobolds
  5 quokkas
  12 ball pythons
  4 frilled lizards
  3 gnoll skeletons (Ossuary)
  3 gnoll zombies (Ossuary)
  4 goblin skeletons (Ossuary)
  6 goblin zombies (Ossuary)
  4 hobgoblin skeletons (Ossuary)
  6 hobgoblin zombies (Ossuary)
  6 kobold skeletons (Ossuary)
  3 kobold zombies (Ossuary)
  3 orc skeletons (Ossuary)
  3 orc zombies (Ossuary)
  4 rats
  5 rat skeletons (Ossuary)
  4 rat zombies (Ossuary)
373 creatures vanquished.

Vanquished Creatures (collateral kills)
  An unseen horror (D:12)
  A troll (D:12)
  A vampire mosquito (D:12)
  A centaur (D:12)
  A gnoll sergeant (D:12)
5 creatures vanquished.

Vanquished Creatures (others)
  A frilled lizard (D:3)
1 creature vanquished.

Grand Total: 379 creatures vanquished

Notes
Turn   | Place    | Note
-------+----------+-------------------------------------------
     0 | D:1      | Dauddaud the Minotaur Berserker began the quest for the
                  | Orb.
     0 | D:1      | Reached XP level 1. HP: 19/19 MP: 0/0
    38 | D:1      | Reached skill level 4 in Axes
   200 | D:1      | Reached XP level 2. HP: 26/26 MP: 1/1
   441 | D:1      | Reached skill level 5 in Axes
   759 | D:2      | Reached XP level 3. HP: 30/31 MP: 2/2
  1415 | D:2      | Reached ** piety under Trog
  1454 | D:2      | Reached skill level 6 in Axes
  1454 | D:2      | Reached XP level 4. HP: 37/39 MP: 3/3
  2023 | D:3      | Noticed Ijyb
  2038 | D:3      | Killed Ijyb
  2446 | D:3      | Noticed Jessica
  2450 | D:3      | Killed Jessica
  2463 | D:3      | Reached skill level 1 in Evocations
  2714 | D:3      | Reached XP level 5. HP: 35/45 MP: 4/4
  3143 | D:3      | Reached skill level 7 in Axes
  3504 | D:3      | Found a faded altar of an unknown god.
  3562 | D:3      | Found an ornate altar of the Wu Jian Council.
  3620 | D:4      | Found a shimmering altar of Xom.
  3620 | D:4      | Found a shadowy altar of Dithmenos.
  3635 | D:4      | Found a sacrificial altar of Ru.
  3638 | D:4      | Found a blossoming altar of Fedhas.
  3640 | D:4      | Found a radiant altar of Vehumet.
  3645 | D:4      | Found a white marble altar of Elyvilon.
  3652 | D:4      | Reached XP level 6. HP: 41/51 MP: 5/5
  3945 | D:4      | Found Remoh's Antique Weapon Boutique.
  3976 | D:4      | Found a glowing drain.
  3985 | Sewer    | Entered a sewer
  4152 | Sewer    | Reached skill level 8 in Axes
  4247 | Sewer    | Reached *** piety under Trog
  5064 | D:4      | Reached XP level 7. HP: 21/57 MP: 6/6
  5069 | D:4      | Reached skill level 9 in Axes
  5548 | D:4      | Noticed Robin
  5557 | D:4      | Killed Robin
  5747 | D:4      | Found a bloodstained altar of Trog.
  5768 | D:4      | Found a shimmering blue altar of Sif Muna.
  6361 | D:5      | Entered Level 5 of the Dungeon
  6404 | D:5      | Reached skill level 10 in Axes
  6409 | D:5      | Reached XP level 8. HP: 27/64 MP: 7/7
  7053 | D:5      | Found a basalt altar of Yredelemnul.
  7056 | D:5      | Noticed Eustachio
  7067 | D:5      | Killed Eustachio
  7089 | D:5      | Reached skill level 11 in Axes
  7147 | D:5      | Found Xegrooc's General Store.
  7219 | D:5      | Noticed Grinder
  7232 | D:5      | Reached skill level 5 in Evocations
  7234 | D:5      | Killed Grinder
  7468 | D:6      | Reached skill level 12 in Axes
  8197 | D:6      | Reached XP level 9. HP: 70/70 MP: 8/8
  8313 | D:6      | Found Nezonih's Distillery.
  8321 | D:6      | Bought a potion of curing for 33 gold pieces
  8425 | D:7      | Noticed a two-headed ogre
  8431 | D:7      | Killed a two-headed ogre
  8432 | D:7      | Reached skill level 13 in Axes
 10100 | D:7      | Reached skill level 14 in Axes
 10353 | D:7      | Found a staircase to the Ecumenical Temple.
 10486 | D:7      | Reached **** piety under Trog
 10862 | D:8      | Reached XP level 10. HP: 59/76 MP: 9/9
 11105 | D:8      | Found a burning altar of Makhleb.
 11124 | D:8      | Found a sand-covered staircase.
 11133 | Ossuary  | Entered an ossuary
 11414 | Ossuary  | Noticed Menkaure
 11427 | Ossuary  | Killed Menkaure
 11936 | D:8      | Reached skill level 15 in Axes
 12655 | D:9      | Found Qiacepha's Demolitions Depot.
 12737 | D:9      | Paralysed by a hornet for 3 turns
 13549 | D:9      | Reached skill level 16 in Axes
 14005 | D:9      | Found a broken altar of Ashenzari.
 14301 | D:9      | Reached ***** piety under Trog
 14666 | D:9      | Found a stormy altar of Qazlal.
 14768 | D:10     | Entered Level 10 of the Dungeon
 15206 | D:10     | Noticed a gargoyle
 15211 | D:10     | Killed a gargoyle
 15274 | D:10     | Paralysed by a hornet for 3 turns
 15279 | D:10     | Reached XP level 11. HP: 47/82 MP: 10/10
 15769 | D:11     | Noticed a boulder beetle
 16103 | D:11     | Killed a boulder beetle
 16104 | D:11     | Reached skill level 5 in Fighting
 16584 | D:11     | Reached skill level 5 in Armour
 16794 | D:11     | Noticed a two-headed ogre
 16802 | D:11     | Killed a two-headed ogre
 17034 | D:11     | Found a staircase to the Orcish Mines.
 17271 | D:11     | Found a staircase to the Lair.
 17758 | D:12     | Noticed a boulder beetle
 17779 | D:12     | Killed a boulder beetle
 18458 | D:12     | Reached XP level 12. HP: 49/102 MP: 11/11
 18704 | D:12     | Noticed a four-headed hydra
 18704 | D:12     | Noticed a boulder beetle
 18711 | D:12     | Reached skill level 17 in Axes
 18842 | D:12     | Slain by a slime creature

Illustrated notes

Levels and vault maps discovered:
D:1:      dpeg_arrival_rhombi, layout_basic, chequers_serial_rivers_micro_b,
          glass_columns_c
D:2:      layout_loops_ring
D:3:      layout_basic, pdpol_wu_jian_five_deadly_venoms,
          hellmonk_ecumenical_altar_leap_of_faith, uniq_ijyb, uniq_jessica
D:4:      layout_basic, nzn_overflow_gifts_of_might_and_magic,
          nicolae_overflow_hallway_of_the_gods, serial_shops,
          nicolae_stop_n_shop_2, portal_sewer_entry_a, minmay_manual_mares,
          uniq_robin
D:5:      layout_rooms, nicolae_overflow_crystal_walls, grunt_ministairs_4,
          nicolae_stop_n_shop_2, uniq_grinder, uniq_eustachio
D:6:      layout_rooms, serial_shops, nicolae_shop_trees
D:7:      layout_rooms, temple_green, roderic_roman_lattice, grunt_ministairs_1
D:8:      layout_rooms, makhleb_grotto_becter,
          lightli_ossuary_entry_decrepit_ruins, wad_floor_pattern_2
D:9:      layout_rooms, kennysheep_little_box, nicolae_ashenzari_panopticon,
          nicolae_blasting_shop
D:10:     layout_roguey
D:11:     minmay_angry_zag, layout_rooms, lair_entry_dummy, erik_orc_1,
          minmay_statues_item
D:12:     layout_basic, onia_ninara_cookie

Skill      XL: |  1  2  3  4  5  6  7  8  9 10 11 12 |
---------------+-------------------------------------+-----
Axes           | 4 5 6 7 8 10 12 14 16 17 | 17.2
Evocations     | 1 2 3 4 5 7 9 |  9.7
Fighting       | 8 |  8.6
Armour         | 6 |  6.4
Dodging        | 4 |  4.3

Action                   |  1- 3 |  4- 6 |  7- 9 | 10-12 || total
-------------------------+-------+-------+-------+-------++-------
Melee: Hand axe          |    75 |    65 |       |       ||   140
       Headbutt          |    11 |    20 |    27 |    86 ||   144
       Punch             |     1 |     2 |     3 |     4 ||    10
       War axe           |       |   140 |   223 |   368 ||   731
       Battleaxe         |       |       |       |    89 ||    89
Invok: Trog's Hand       |       |     3 |     2 |     4 ||     9
       Berserk           |       |     2 |     3 |     5 ||    10
       Brothers in Arms  |       |       |       |     2 ||     2
  Use: Potion            |       |     1 |       |     1 ||     2
       Scroll            |       |     1 |       |     9 ||    10
 Stab: Distracted        |       |       |       |     1 ||     1
Armor: Animal skin       |    25 |    12 |       |       ||    37
       Chain mail        |       |   102 |    31 |       ||   133
       Plate armour      |       |       |   108 |   271 ||   379
Dodge: Dodged            |    38 |    98 |    75 |   181 ||   392

Table legend: (Time is in decaauts)
 A = Elapsed time spent in this place.
 B = Non-inter-level travel time spent in this place.
 C = Inter-level travel time spent in this place.
 D = Time resting spent in this place.
 E = Time spent auto-exploring this place.
 F = Levels seen in this place.
 G = Mean time per level.
                   A        B        C        D        E       F      G
               +--------+--------+--------+--------+--------+-----+--------+
         Total |  18925 |  18616 |    309 |   7771 |   8607 |  14 | 1351.8 |
       Dungeon |  17884 |  17575 |    309 |   7722 |   7964 |  12 | 1490.3 |
         Sewer |    663 |    663 |      0 |     16 |    451 |   1 |  663.0 |
       Ossuary |    376 |    376 |      0 |     32 |    191 |   1 |  376.0 |
               +--------+--------+--------+--------+--------+-----+--------+

Top non-repeatable levels by time:
     D:4: 2201 daAuts
     D:8: 1891 daAuts
     D:9: 1760 daAuts
     D:3: 1725 daAuts
     D:5: 1701 daAuts
    D:11: 1574 daAuts
     D:6: 1565 daAuts
    D:10: 1359 daAuts
     D:2: 1155 daAuts
    D:12: 1107 daAuts
     D:7: 1092 daAuts
     D:1: 750 daAuts
   Sewer: 663 daAuts
 Ossuary: 376 daAuts
